 Dungeon Crawl Stone Soup version 0.26-a0-466-g989023bd0d (webtiles) character file.

Game seed: 11470118347900405707

207 Inarius the Cudgeler (level 5, 0/57 HPs)
             Began as an Ogre Berserker on July 31, 2020.
             Was a Priest of Trog.
             Succumbed to an adder's poison
             ... on level 4 of the Dungeon.
             The game lasted 00:05:33 (4690 turns).

Inarius the Cudgeler (Ogre Berserker)               Turns: 4690, Time: 00:05:34

Health: 0/57       AC:  8    Str: 22    XL:     5   Next: 85%
Magic:  1/5        EV: 10    Int:  8    God:    Trog [***...]
Gold:   202        SH:  0    Dex:  8    Spells: 4/4 levels left

rFire    . . .     SeeInvis .   a - +1 mace
rCold    . . .     Faith    .   (no shield)
rNeg     . . .     Spirit   +   b - +1 animal skin
rPois    .         Reflect  .   c - +2 hat
rElec    .         Harm     .   (no cloak)
rCorr    .                      (gloves unavailable)
MR       .....                  (boots unavailable)
Stlth    +.........             h - amulet of guardian spirit
HPRegen  0.19/turn              (no ring)
MPRegen  0.09/turn              (no ring)

@: brilliant, lethally poisoned (0 -> -2), berserk cooldown, slowed, very slow
A: large, unfitting armour, talons 1, icy blue scales 1, sense surroundings 1,
tough skin 1
a: Berserk, Trog's Hand, Renounce Religion


You were on level 4 of the Dungeon.
You worshipped Trog.
Trog was most pleased with you.
You visited 1 branch of the dungeon, and saw 5 of its levels.

You collected 202 gold pieces.

Inventory:

Hand Weapons
 a - a +1 mace (weapon)
Missiles
 j - 13 boomerangs (quivered)
Armour
 b - a +1 animal skin (worn)
 c - a +2 hat (worn)
Jewellery
 h - an amulet of guardian spirit (around neck)
 k - an uncursed ring of ice
Scrolls
 d - a scroll of immolation
 g - a scroll of enchant armour
 i - a scroll of fog
 m - a scroll of fear
 q - a scroll of identify
 t - a scroll of magic mapping {unknown}
Potions
 e - a potion of flight
 f - 3 potions of haste
 s - a potion of might
 u - a potion of curing {unknown}


   Skills:
 + Level 5.2 Fighting
 * Level 5.2 Maces & Flails
 - Level 2.6 Dodging


You had 4 spell levels left.
You didn't know any spells.
Your spell library was empty.

Dungeon Overview and Level Annotations

Branches:
Dungeon (5/15)
 Temple: D:4-7

Altars:

Annotations:
D:5 Grinder, Prince Ribbit


Innate Abilities, Weirdness & Mutations

You are too large for most types of armour.
You have tough skin. (AC +1)
You have sharp toenails.
You are partially covered in icy blue scales. (AC +2)
You passively map a small area around you.


Message History

You barely miss the hound.
The hound is heavily wounded.
You feel sick. The hound closely misses you. The hound barely misses you.
You closely miss the hound.
The hound is heavily wounded.
The hound closely misses you. The hound bites you.
* * * LOW HITPOINT WARNING * * *
The hound stops to sniff the ground.
The hound bites you.
* * * LOW HITPOINT WARNING * * *
It was a potion of mutation.
You feel extremely strange.
Your toenails lengthen and sharpen.
You feel a strange attunement to the structure of the dungeons.
Icy blue scales grow over part of your body.
* * * LOW HITPOINT WARNING * * *
You feel sick. The hound closely misses you.
The hound bites you but does no damage.
It was a potion of brilliance.
You feel clever all of a sudden.
You die...

#.*#### #.##..# #...... ..# ,
#...... ..# , #.....# * ..##+##
#.....# , ../...# #.....# ,
.?....# *#....@# , ......#
#.....h# , ......# ,#......# , ,
, ..# .# ,##.##<.# ,* ..##..# , #
#..# , * ......+ ,... ....,, , *,
, ......# .... ...., , *,
..##+###.##..##..# ####*#####
..##..##.##..###########..###....


You could see a hound.

Vanquished Creatures
  A bullfrog skeleton (D:4)
  3 gnolls (D:2)
  5 adders
  An ooze (D:4)
  4 dart slugs
  5 leopard geckos
  8 orcs
  A ball python (D:2)
  7 giant cockroaches
  8 goblins
  7 hobgoblins
  2 jackals (D:1)
  A quokka (D:4)
  7 bats
  A frilled lizard (D:1)
  8 kobolds
  8 rats
77 creatures vanquished.

Notes
Turn   | Place    | Note
-------+----------+-------------------------------------------
     0 | D:1      | Inarius the Ogre Berserker began the quest for the Orb.
     0 | D:1      | Reached XP level 1. HP: 24/24 MP: 1/1
   192 | D:1      | Reached XP level 2. HP: 19/32 MP: 2/2
   718 | D:1      | Reached XP level 3. HP: 37/40 MP: 3/3
  1475 | D:2      | Reached ** piety under Trog
  1598 | D:2      | Reached XP level 4. HP: 23/49 MP: 4/4
  1609 | D:2      | HP: 2/49 [poisoned by an adder]
  1614 | D:2      | HP: 2/49 [poisoned by an adder]
  2250 | D:2      | HP: 2/49 [gnoll/+0 halberd (3)]
  2809 | D:2      | Reached skill level 5 in Fighting
  2809 | D:2      | Reached XP level 5. HP: 39/57 MP: 5/5
  4376 | D:4      | Reached skill level 5 in Maces & Flails
  4512 | D:4      | Reached *** piety under Trog
  4657 | D:4      | You fall into a shaft and drop 1 floor!
  4657 | D:5      | Entered Level 5 of the Dungeon
  4657 | D:5      | Noticed Grinder
  4657 | D:5      | Noticed Prince Ribbit
  4688 | D:4      | HP: 2/57 [hound (3)]
  4689 | D:4      | Gained mutation: You have sharp toenails. [potion of
                  | mutation]
  4689 | D:4      | Gained mutation: You passively map a small area around you.
                  | [potion of mutation]
  4689 | D:4      | Gained mutation: You are partially covered in icy blue
                  | scales. (AC +2) [potion of mutation]
  4690 | D:4      | Succumbed to an adder's poison

Illustrated notes

Levels and vault maps discovered:
D:1:      wander_arrival_lonely_grave, layout_loops_corners
D:2:      layout_loops_ring
D:3:      layout_loops_corners
D:4:      layout_gridville, minmay_temple_entry_from_below_a,
          nemelex_diamond_rough_becter
D:5:      layout_rooms, dancing_weapons_uskayaw, serial_shops,
          kennysheep_little_box, uniq_grinder, uniq_prince_ribbit1

Skill      XL: |  1  2  3  4  5 |
---------------+----------------+-----
Maces & Flails | 3 4 5 |  5.2
Fighting       | 5 |  5.2
Dodging        | |  2.6

Action                   |  1- 3 |  4- 6 || total
-------------------------+-------+-------++-------
Melee: Mace              |   119 |   191 ||   310
Throw: Boomerang         |       |     4 ||     4
Invok: Berserk           |     1 |     3 ||     4
       Trog's Hand       |       |     1 ||     1
  Use: Potion            |       |     4 ||     4
       Scroll            |       |     8 ||     8
Armor: Animal skin       |    39 |    86 ||   125
Dodge: Dodged            |    85 |   122 ||   207

Table legend: (Time is in decaauts)
 A = Elapsed time spent in this place.
 B = Non-inter-level travel time spent in this place.
 C = Inter-level travel time spent in this place.
 D = Time resting spent in this place.
 E = Time spent auto-exploring this place.
 F = Levels seen in this place.
 G = Mean time per level.
                   A        B        C        D        E       F      G
               +--------+--------+--------+--------+--------+-----+--------+
         Total |   4784 |   4690 |     94 |   1451 |   2492 |   5 |  956.8 |
       Dungeon |   4784 |   4690 |     94 |   1451 |   2492 |   5 |  956.8 |
               +--------+--------+--------+--------+--------+-----+--------+

Top non-repeatable levels by time:
     D:1: 1742 daAuts
     D:2: 1679 daAuts
     D:3: 1025 daAuts
     D:4: 322 daAuts
     D:5: 13 daAuts
